Map: [ESL] Hecate

Players

Krystianer - Winner!

  • Race: Protoss Protoss
  • Spawn Location: 7:00

SKillous

  • Race: Protoss Protoss
  • Spawn Location: 1:00

Event: ESL SC2 Masters 2023 Winter (Regional)

VOD

Have the link to the VOD?

Description

Time

  • Played on: Nov. 16, 2023, 2:16 p.m.
  • Length: 12:00

All games in this series

Show
View Real Time Build Order
Export as new Build Order

Krystianer Protoss - Winner!

Build Orders:  

Get SALT Encoding   

  12  0:00  Probe  
  13  0:12  Probe  
  14  0:17  Pylon  
  14  0:24  Probe (Chrono Boost)  
  16  0:36  Gateway, Probe (Chrono Boost)  
  16  0:41  Probe (Chrono Boost)  
  16  0:45  Assimilator  
  17  0:51  Probe  
  17  0:53  Assimilator  
  18  1:04  Probe (Chrono Boost)  
  19  1:06  Gateway  
  19  1:13  Probe (Chrono Boost)  
  19  1:18  Probe (Chrono Boost)  
  20  1:23  Cybernetics Core  
  21  1:30  Probe  
  22  1:34  Pylon  
  22  1:42  Probe  
  23  1:54  Probe  
  23  1:56  Warp Gate (Chrono Boost)  
  23  1:59  Adept x2  
  28  2:06  Shield Battery  
  28  2:10  Pylon  
  28  2:13  Probe  
  29  2:29  Adept x2, Probe  
  35  2:51  Nexus  
  33  2:54  Probe  
  34  3:01  Adept  
  36  3:05  Adept  
  36  3:11  Pylon  
  38  3:14  Probe  
  39  3:23  Robotics Facility  
  39  3:29  Probe  
  38  3:41  Probe  
  39  3:51  Adept x2  
  39  3:53  Probe  
  44  4:05  Probe (Chrono Boost)  
  44  4:06  Probe (Chrono Boost)  
  46  4:11  Observer  
  46  4:12  Sentry x2  
  46  4:15  Probe x2 (Chrono Boost)  
  53  4:20  Probe x2 (Chrono Boost)  
  49  4:32  Probe x2  
  49  4:34  Immortal (Chrono Boost)  
  51  4:42  Twilight Council  
  51  4:44  Shield Battery, Probe x2  
  53  4:49  Immortal (Chrono Boost)  
  53  4:56  Probe  
  52  5:02  Assimilator  
  52  5:03  Warp Prism (Chrono Boost)  
  52  5:07  Gateway  
  52  5:08  Gateway  
  52  5:09  Stalker  
  54  5:19  Dark Shrine, Stalker  
  56  5:23  Blink (Chrono Boost), Shield Battery  
  56  5:25  Probe  
  57  5:38  Gateway  
  57  5:40  Gateway  
  57  5:45  Probe  
  58  5:51  Stalker x2  
  58  5:55  Gateway  
  62  5:59  Gateway  
  62  6:20  Pylon  
  62  6:22  Pylon  
  62  6:35  Nexus  
  62  6:36  Pylon  
  62  6:39  Dark Templar x4  
  70  6:49  Probe x2  
  72  7:00  Forge  
  73  7:01  Probe x2  
  74  7:13  Probe x2  
  76  7:25  Probe x2  
  76  7:28  Stalker x5  
  85  7:32  Pylon  
  85  7:35  Protoss Ground Weapons Level 1 (Chrono Boost)  
  83  7:37  Probe x2  
  85  7:47  Probe  
  85  7:49  Probe x2  
  88  7:57  Stalker x5  
  98  8:03  Charge (Chrono Boost)  
  96  8:21  Assimilator  
  96  8:23  Nexus  
  96  8:25  Pylon  
  96  8:37  Stalker x5  
  96  8:38  Zealot  
  96  8:39  Probe  
  109  8:42  Pylon  
  109  8:45  Pylon  
  109  8:48  Probe  
  109  8:49  Dark Templar  
  109  8:50  Zealot  
  109  8:54  Gateway  
  114  8:57  Gateway, Archon  
  114  8:58  Pylon  
  114  9:02  Probe  
  115  9:05  Zealot x3  
  115  9:07  Probe  
  122  9:12  Protoss Ground Weapons Level 2 (Chrono Boost)  
  122  9:13  Zealot x2  
  126  9:24  Probe  
  127  9:26  Probe x2  
  129  9:36  Zealot x3, Stalker x2  
  129  9:37  Stalker  
  129  9:38  Zealot  
  135  10:01  Zealot x10  
  135  10:03  Probe  
  135  10:06  Probe  
  151  10:08  Probe  
  151  10:10  Probe  
  147  10:15  Probe  
  147  10:18  Probe  
  147  10:20  Probe  
  144  10:22  Probe  
  144  10:27  Probe  
  132  10:30  Probe  
  132  10:31  Zealot x10  
  147  10:36  Warp Prism (Chrono Boost)  
  143  10:53  Nexus  
  135  10:58  Observer  
  135  10:59  Pylon  
  135  11:00  Photon Cannon  
  135  11:01  Stalker  
  135  11:02  Zealot x2, Stalker x3  
  148  11:11  Forge  
  148  11:14  Stalker x2  
  148  11:15  Stalker x2  
  156  11:25  Zealot x4  
  154  11:39  Zealot x6  
  134  11:48  Zealot x4  
Show
View Real Time Build Order
Export as new Build Order

SKillous Protoss 

Build Orders: Blink Stalkers 

Get SALT Encoding   

  12  0:00  Probe  
  13  0:12  Probe  
  14  0:18  Pylon  
  14  0:24  Probe (Chrono Boost)  
  15  0:36  Probe (Chrono Boost)  
  15  0:39  Gateway  
  16  0:42  Assimilator  
  16  0:46  Probe (Chrono Boost)  
  17  0:52  Assimilator, Probe (Chrono Boost)  
  18  1:04  Probe (Chrono Boost)  
  18  1:07  Gateway  
  19  1:13  Probe (Chrono Boost)  
  20  1:18  Probe  
  21  1:26  Cybernetics Core  
  21  1:31  Probe  
  22  1:33  Pylon  
  22  1:43  Probe  
  23  1:55  Probe  
  24  2:03  Stalker  
  24  2:04  Warp Gate, Stalker  
  28  2:11  Pylon  
  28  2:15  Shield Battery  
  27  2:40  Nexus  
  27  2:42  Stalker  
  29  2:50  Probe  
  30  2:56  Shield Battery  
  30  2:57  Sentry  
  32  3:02  Probe  
  33  3:08  Twilight Council  
  33  3:12  Stalker  
  33  3:15  Probe  
  36  3:24  Pylon  
  36  3:43  Probe  
  36  3:44  Blink (Chrono Boost)  
  33  3:52  Stalker x2  
  33  3:54  Probe  
  33  3:55  Probe  
  39  4:02  Shield Battery  
  39  4:07  Probe  
  41  4:16  Stalker x2  
  45  4:21  Pylon  
  43  4:24  Probe  
  43  4:26  Probe (Chrono Boost)  
  43  4:36  Probe (Chrono Boost)  
  43  4:38  Probe (Chrono Boost)  
  45  4:42  Stalker x2  
  50  4:46  Probe (Chrono Boost)  
  50  4:47  Probe (Chrono Boost)  
  50  4:51  Probe (Chrono Boost)  
  52  4:56  Probe  
  50  5:02  Probe  
  51  5:07  Stalker x2  
  51  5:09  Probe  
  56  5:14  Probe  
  57  5:21  Probe  
  57  5:25  Pylon  
  57  5:26  Probe  
  59  5:30  Sentry  
  59  5:33  Probe  
  62  5:39  Nexus  
  62  5:44  Robotics Facility  
  62  5:46  Probe  
  62  5:48  Probe  
  64  5:52  Assimilator  
  64  5:58  Pylon  
  64  6:00  Sentry  
  64  6:01  Gateway  
  64  6:02  Probe  
  67  6:07  Probe  
  68  6:14  Probe  
  68  6:18  Gateway x2  
  69  6:20  Probe  
  69  6:24  Shield Battery  
  70  6:28  Stalker  
  72  6:33  Shield Battery  
  72  6:45  Sentry, Pylon  
  78  6:53  Probe x3 (Chrono Boost)  
  81  6:54  Stalker  
  81  7:00  Pylon  
  82  7:03  Observer (Chrono Boost)  
  82  7:06  Probe (Chrono Boost)  
  82  7:08  Probe x2 (Chrono Boost)  
  75  7:12  Stalker x2  
  75  7:15  Observer (Chrono Boost)  
  79  7:17  Probe (Chrono Boost)  
  79  7:19  Probe (Chrono Boost)  
  79  7:23  Probe (Chrono Boost)  
  79  7:29  Probe (Chrono Boost)  
  78  7:32  Observer (Chrono Boost)  
  78  7:36  Probe (Chrono Boost)  
  79  7:37  Probe x2 (Chrono Boost), Charge  
  80  7:46  Probe  
  80  7:47  Probe  
  80  7:53  Pylon, Probe (Chrono Boost)  
  81  7:58  Probe (Chrono Boost), Forge  
  81  8:01  Stalker  
  81  8:02  Probe (Chrono Boost)  
  85  8:10  Probe (Chrono Boost)  
  85  8:11  Probe (Chrono Boost)  
  87  8:16  Probe (Chrono Boost)  
  87  8:17  Probe x2 (Chrono Boost)  
  87  8:18  Stalker x2  
  94  8:28  Probe (Chrono Boost)  
  94  8:30  Stalker x2  
  94  8:31  Probe (Chrono Boost)  
  94  8:32  Probe (Chrono Boost)  
  94  8:34  Protoss Ground Weapons Level 1 (Chrono Boost)  
  100  8:35  Probe  
  100  8:38  Pylon  
  100  8:40  Probe  
  101  8:44  Probe  
  101  8:47  Probe  
  103  8:50  Pylon  
  103  8:51  Assimilator  
  103  8:52  Probe, Stalker  
  103  8:53  Stalker  
  108  8:56  Observer, Probe  
  108  8:59  Photon Cannon  
  108  9:02  Shield Battery  
  109  9:03  Probe  
  109  9:09  Photon Cannon  
  110  9:10  Shield Battery  
  110  9:20  Stalker x3  
  110  9:24  Probe x3  
  118  9:30  Pylon  
  119  9:32  Stalker x2  
  119  9:38  Gateway  
  123  9:43  Robotics Bay  
  122  9:49  Stalker x2  
  124  10:12  Pylon x2  
  119  10:14  Immortal (Chrono Boost)  
  119  10:15  Zealot x3  
  123  10:23  Nexus, Probe  
  112  10:39  Observer  
  108  10:44  Zealot x4, Disruptor (Chrono Boost), Pylon  
  108  10:47  Cybernetics Core  
  114  10:59  Pylon  
  114  11:02  Probe x2  
  116  11:10  Disruptor (Chrono Boost), Photon Cannon  
  120  11:22  Zealot x2  
  120  11:23  Zealot  
  122  11:35  Stalker x2  
Tags
 
Add a new tag
Caveats
  • Supply blocks, unpowered buildings, or Contaminate may cause inaccurate times.
  • Supply counts are checked every 10 seconds.